 Dungeon Crawl Stone Soup version 0.19.0-11-g3fc08b3 (webtiles) character file.

3878 KarmaPolice the Quickloader (level 10, -3/69 HPs)
             Began as a Halfling Hunter on Nov 9, 2016.
             Was an Elder of Okawaru.
             Slain by a troll (10 damage)
             ... on level 10 of the Dungeon.
             The game lasted 00:30:19 (10246 turns).

KarmaPolice the Quickloader (Halfling Hunter)      Turns: 10246, Time: 00:30:20

Health: -3/69      AC:  4    Str: 13    XL:     10   Next: 42%
Magic:  12/13      EV: 20    Int:  9    God:    Okawaru [****..]
Gold:   389        SH:  0    Dex: 19    Spells: 0 memorised, 9 levels left

rFire  . . .     SeeInvis .     a - +1 hand crossbow
rCold  + . .     Gourm    .     c - +0 leather armour
rNeg   . . .     Faith    .     (shield restricted)
rPois  .         Spirit   .     (no helmet)
rElec  .         Reflect  .     (no cloak)
rCorr  +         Harm     .     (no gloves)
MR     .....                    (no boots)
Stlth  +++.......               (no amulet)
                                h - ring of protection from cold
                                e - ring of resist corrosion

@: lethally poisoned (-3 -> -23), heroism
A: mutation resistance 1
a: Heroism, Renounce Religion


You were on level 10 of the Dungeon.
You worshipped Okawaru.
Okawaru was greatly pleased with you.
You were not hungry.

You visited 1 branch of the dungeon, and saw 9 of its levels.

You collected 389 gold pieces.

Inventory:

Hand Weapons
 a - a +1 hand crossbow (weapon)
 z - a +1 short sword of draining
Missiles
 d - 122 bolts (quivered)
Armour
 c - a +0 leather armour (worn)
 n - a +2 ring mail of cold resistance
 K - +0 pearl dragon scales
Jewellery
 e - a ring of resist corrosion (left hand)
 h - a ring of protection from cold (right hand)
Wands
 l - a wand of iceblast (10/15)
 y - a wand of digging (14/24)
 A - a wand of polymorph (14/24)
 G - a wand of slowing (11/48)
 H - a wand of paralysis (17/24)
 J - a wand of acid (3/15)
 N - a wand of iceblast (5/15)
Scrolls
 i - 3 scrolls of enchant weapon {unknown}
 j - 4 scrolls of recharging {unknown}
 k - 6 scrolls of remove curse
 o - 3 scrolls of teleportation
 q - 3 scrolls of magic mapping {unknown}
 r - 6 scrolls of identify
 s - a scroll of blinking {unknown}
 t - a scroll of fear {unknown}
 u - 2 scrolls of amnesia {unknown}
 D - a scroll of enchant armour {unknown}
 I - a scroll of noise {unknown}
Potions
 g - a potion of berserk rage {unknown}
 m - 3 potions of curing {unknown}
 v - 6 potions of brilliance {unknown}
 x - 4 potions of might {unknown}
 B - a potion of degeneration {unknown}
 E - a potion of lignification {unknown}
 F - a potion of agility {unknown}
 M - a potion of haste {unknown}
Comestibles
 b - 2 royal jellies
 f - 8 bread rations
 w - 6 meat rations
 C - 8 beef jerkies
 L - 5 chunks of flesh
 O - a slice of pizza


   Skills:
 + Level 6.7(11.7) Fighting
 - Level 7.0(12.0) Short Blades
 + Level 9.1(14.1) Crossbows
 + Level 6.6(11.6) Armour
 - Level 2.3(7.3) Dodging
 - Level 1.1(6.1) Stealth
 - Level 2.4 Invocations
 + Level 4.5 Evocations


You had 9 spell levels left.
You didn't know any spells.

Dungeon Overview and Level Annotations

Branches:
Dungeon (8/15)             Temple (0/1) D:5
   Lair: D:8-11

Altars:
Gozag
Nemelex Xobeh
Okawaru


Innate Abilities, Weirdness & Mutations

You are small and have problems with some larger weapons.
You are somewhat resistant to further mutation.


Message History

* * * LOW HITPOINT WARNING * * *
You feel sick. The troll closely misses you. The troll misses you.
The troll completely misses you.
Firing (i - inventory):
d - 124 bolts (quivered)
Press: ? - help, Shift-Dir - straight line, f/p - troll
Aim: a troll (almost dead)
You shoot a bolt. The bolt hits the troll.
The troll is almost dead.
* * * LOW HITPOINT WARNING * * *
You feel very sick. The troll misses you. The troll claws you.
* * * LOW HITPOINT WARNING * * *
The troll completely misses you.
Firing (i - inventory):
d - 123 bolts (quivered)
Press: ? - help, Shift-Dir - straight line, f/p - troll
Aim: a troll (almost dead)
You shoot a bolt. The bolt barely misses the troll.
* * * LOW HITPOINT WARNING * * *
You feel sick. The troll barely misses you. The troll claws you!
You die...

.......
.......######
........#...#
............#
............#
............###
..............#
.......@.#
.......T......#
#............##
#..............
.......(.......
≈......(.......
...............
≈......(......#


You could see a troll.

Vanquished Creatures
  Pikel (D:5)
  2 hippogriffs (D:8)
  Sigmund (D:2)
  Eustachio (D:5)
  Duvessa (D:4)
  An ice beast (D:5)
  3 slaves (D:5)
  A water moccasin (D:6)
  3 orc warriors
  A phantom (D:3)
  6 ogres
  A centaur (D:6)
  A big kobold (D:7)
  A bullfrog (D:7)
  Dowan (D:4)
  2 scorpions
  2 electric eels (D:7)
  3 wights (D:6)
  3 centaur zombies
  A crimson imp (D:6)
  A jelly (D:6)
  4 hounds
  2 orc priests
  8 orc wizards
  4 iguanas
  6 worker ants
  A worker ant zombie (D:6)
  3 gnolls (D:3)
  A howler monkey skeleton (D:8)
  12 adders
  A shadow imp (D:7)
  An ooze (D:3)
  An adder zombie (D:7)
  3 worms
  A leopard gecko (D:1)
  25 orcs
  A ball python (D:2)
  2 bats (D:2)
  5 giant cockroaches
  11 goblins
  2 hobgoblins
  6 jackals
  9 kobolds
  3 quokkas (D:3)
  5 frilled lizards
  A quokka zombie (D:8)
  9 rats
164 creatures vanquished.

Vanquished Creatures (others)
  A hound (D:5)
1 creature vanquished.

Grand Total: 165 creatures vanquished

Notes
Turn   | Place    | Note
-------+----------+-------------------------------------------
     0 | D:1      | KarmaPolice the Halfling Hunter began the quest for the Orb.
     0 | D:1      | Reached XP level 1. HP: 14/14 MP: 1/1
   423 | D:1      | Reached XP level 2. HP: 19/19 MP: 2/2
   551 | D:1      | Reached skill level 1 in Short Blades
   712 | D:2      | Found an iron altar of Okawaru.
   722 | D:2      | Became a worshipper of Warmaster Okawaru
  1036 | D:2      | Reached XP level 3. HP: 15/24 MP: 3/3
  1155 | D:2      | Noticed Sigmund
  1165 | D:2      | Killed Sigmund
  1165 | D:2      | Reached * piety under Okawaru
  1165 | D:2      | Reached skill level 5 in Crossbows
  1165 | D:2      | Reached XP level 4. HP: 30/30 MP: 3/5
  1165 | D:2      | Reached XP level 5. HP: 36/36 MP: 3/6
  1221 | D:2      | Found an opulent altar of Gozag.
  1240 | D:2      | Reached XP level 6. HP: 41/41 MP: 7/7
  1620 | D:3      | Noticed an ogre
  1650 | D:3      | Killed an ogre
  1650 | D:3      | Reached skill level 1 in Invocations
  2202 | D:3      | Reached XP level 7. HP: 41/46 MP: 8/8
  2330 | D:3      | Reached ** piety under Okawaru
  2330 | D:3      | Reached skill level 6 in Crossbows
  3146 | D:4      | Noticed Duvessa
  3148 | D:4      | Noticed Dowan
  3192 | D:4      | Reached skill level 1 in Armour
  3192 | D:4      | Reached XP level 8. HP: 19/54 MP: 9/9
  3669 | D:4      | Killed Duvessa
  3669 | D:4      | Reached skill level 5 in Short Blades
  3672 | D:4      | Killed Dowan
  4294 | D:5      | Entered Level 5 of the Dungeon
  4398 | D:5      | Reached skill level 7 in Crossbows
  4817 | D:5      | Got a coiled platinum amulet
  4854 | D:5      | Noticed Eustachio
  4880 | D:5      | Killed Eustachio
  4895 | D:5      | Found a staircase to the Ecumenical Temple.
  5083 | D:5      | Noticed Pikel
  5096 | D:5      | Killed Pikel
  5096 | D:5      | Reached *** piety under Okawaru
  5096 | D:5      | Reached skill level 5 in Fighting
  5096 | D:5      | Reached XP level 9. HP: 26/61 MP: 10/10
  5794 | D:6      | Received a gift from Okawaru
  6232 | D:6      | Reached skill level 8 in Crossbows
  6811 | D:6      | Reached skill level 5 in Armour
  6860 | D:6      | Reached **** piety under Okawaru
  6940 | D:6      | Identified the Almanac of Lightness and Talismans
  7541 | D:7      | Received a gift from Okawaru
  7854 | D:7      | Reached XP level 10. HP: 68/68 MP: 12/12
  9369 | D:8      | Reached skill level 9 in Crossbows
  9551 | D:8      | Identified the amulet "Pavea" {Faith rF+ SInv} (You found it on level 5 of the Dungeon)
  9790 | D:8      | Found a sparkling altar of Nemelex Xobeh.
  9792 | D:8      | Found an opulent altar of Gozag.
 10222 | D:8      | You fall through a shaft for 2 floors!
 10222 | D:10     | Entered Level 10 of the Dungeon
 10246 | D:10     | Slain by a troll

Skill      XL: |  1  2  3  4  5  6  7  8  9 10 |
---------------+-------------------------------+-----
Fighting       | 2 3 5 6 |  6.7
Short Blades   | 1 3 4 6 7 |  7.0
Crossbows      | 5 6 7 8 9 |  9.1
Evocations     | 2 3 4 |  4.5
Invocations    | 1 2 |  2.4
Armour         | 1 4 5 6 |  6.6
Dodging        | |  2.3
Stealth        | |  1.1

Action                   |  1- 3 |  4- 6 |  7- 9 | 10-12 || total
-------------------------+-------+-------+-------+-------++-------
Melee: Short sword       |    60 |    26 |   211 |    66 ||   363
       Punch             |       |       |     1 |       ||     1
 Fire: Hand crossbow     |    14 |    44 |   196 |   142 ||   396
Invok: Heroism           |       |     1 |     4 |     2 ||     7
  Use: Scroll            |       |       |     1 |     2 ||     3
       Potion            |       |       |     1 |     2 ||     3
 Stab: Sleeping          |     2 |       |     3 |       ||     5
       Distracted        |       |       |       |     1 ||     1
  Eat: Chunk             |     1 |     3 |    16 |     6 ||    26
       Pizza             |       |       |     1 |       ||     1
       Beef jerky        |       |       |       |     1 ||     1
Armor: Leather armour    |    12 |     4 |    14 |     9 ||    39
Dodge: Dodged            |    53 |    38 |   154 |   105 ||   350
